 Dungeon Crawl Stone Soup version 0.22-a0-283-g1871b15 (webtiles) character file.

26480 nikopol the Eclecticist (level 12, -3/60 HPs)
             Began as a Deep Elf Fire Elementalist on Mar 18, 2018.
             Was a High Priest of Sif Muna.
             Slain by a death yak (23 damage)
             ... on level 2 of the Lair of Beasts.
             The game lasted 01:25:08 (17243 turns).

nikopol the Eclecticist (DEFE)                     Turns: 17243, Time: 01:25:09

Health: -3/60      AC:  6    Str:  5    XL:     12   Next: 98%
Magic:  21/34      EV: 15    Int: 26    God:    Sif Muna [*****.]
Gold:   294        SH:  0    Dex: 15    Spells: 28/43 levels left

rFire    + + +     SeeInvis +   y - +1 dagger (elec)
rCold    + . .     Gourm    .   (no shield)
rNeg     + + .     Faith    .   C - +2 robe {rC+ rF+}
rPois    .         Spirit   .   Q - +1 hat
rElec    .         Reflect  .   M - scarf {rC+ rF+}
rCorr    .         Harm     .   (no gloves)
MR       +....                  B - +0 pair of boots
Stlth    +++.......             I - amulet of magic regeneration
HPRegen  0.20/turn              H - ring of Seferogh {Fire rN+ SInv}
MPRegen  0.49/turn              D - ring of positive energy

@: no status effects
A: no striking features
a: Divine Energy, Channel Magic, Forget Spell, Renounce Religion


You were on level 2 of the Lair of Beasts.
You worshipped Sif Muna.
Sif Muna was extremely pleased with you.
You were very hungry.

You visited 3 branches of the dungeon, and saw 15 of its levels.

You collected 738 gold pieces.
You spent 444 gold pieces at shops.

Inventory:

Hand Weapons
 y - a +1 dagger of electrocution (weapon)
Armour
 B - a +0 pair of boots (worn)
 C - a +2 robe of resistance (worn)
 M - a scarf of resistance (worn)
 Q - a +1 hat (worn)
Magical Staves
 n - an uncursed staff of summoning
Jewellery
 D - a ring of positive energy (right hand)
 H - the ring of Seferogh (left hand) {Fire rN+ SInv}
   (You bought it in a shop on level 8 of the Dungeon)

   [ring of fire]

   It enhances your fire magic.
   It protects you from fire.
   It makes you vulnerable to cold.
   It protects you from negative energy.
   It lets you see invisible.
 I - an amulet of magic regeneration (around neck)
 P - an uncursed ring of wizardry {unknown}
Wands
 a - a wand of iceblast (8)
 r - a wand of polymorph (48)
 w - a wand of acid (10)
 x - a wand of flame (34)
 A - a wand of disintegration (28)
 E - a wand of paralysis (6)
 O - a wand of digging (9)
Scrolls
 b - 5 scrolls of remove curse
 d - 5 scrolls of magic mapping
 e - 2 scrolls of identify
 g - 4 scrolls of random uselessness {unknown}
 h - 2 scrolls of immolation {unknown}
 j - 4 scrolls of fog
 k - 3 scrolls of enchant weapon {unknown}
 m - 4 scrolls of blinking
 p - 3 scrolls of teleportation {unknown}
 t - 3 scrolls of amnesia {unknown}
 u - 2 scrolls of noise {unknown}
 v - 3 scrolls of enchant armour {unknown}
Potions
 f - a potion of magic
 i - 3 potions of cancellation
 l - 2 potions of agility
 o - 5 potions of curing
 q - 4 potions of flight
 s - 4 potions of haste
 z - a potion of might
 F - a potion of brilliance
 G - 3 potions of mutation
 J - 2 potions of lignification
 K - 4 potions of heal wounds
Comestibles
 c - 33 rations


   Skills:
 + Level 1.1 Fighting
 + Level 4.6 Dodging
 + Level 5.2 Stealth
 + Level 16.4 Spellcasting
 + Level 12.7 Conjurations
 + Level 13.0 Fire Magic
 + Level 2.5 Evocations


You had 28 spell levels left.
You knew the following spells:

 Your Spells              Type           Power        Failure   Level  Hunger
a - Flame Tongue          Conj/Fire      #####        0%          1    None
b - Throw Flame           Conj/Fire      ######       1%          2    None
c - Conjure Flame         Conj/Fire      #######.     1%          3    None
d - Sticky Flame          Conj/Fire      #######.     1%          4    None
e - Fireball              Conj/Fire      #######...   1%          5    None


Dungeon Overview and Level Annotations

Branches:
Dungeon (11/15)            Temple (1/1) D:5            Lair (3/6) D:10
 Shoals (0/4) Lair:2          Orc (0/2) D:10
  Snake: Lair:2-4    Spider: Lair:2-4

Altars:
Ashenzari
Cheibriados
Dithmenos
Elyvilon
Gozag
Hepliaklqana
Kikubaaqudgha
Nemelex Xobeh
Okawaru
Qazlal
Ru
Sif Muna
Trog
Uskayaw
Wu Jian
Xom
Yredelemnul
Zin
The Shining One
Beogh

Shops:
D:8 =


Message History

The death yak is heavily wounded.
The death yak is covered in liquid flames!
The death yak burns!
The death yak gores you!!
Casting: Sticky Flame (safe; 1% risk of failure)
Confirm with . or Enter, or press ? or * to list all spells.
Aiming: Fireball (safe; 1% risk of failure)
Press: ? - help, Shift-Dir - straight line, p - death yak You feel a surge of power!
The fireball explodes!
The fireball engulfs the death yak.
The death yak is severely wounded.
The death yak burns!
The death yak barely misses you.
Casting: Fireball (safe; 1% risk of failure)
Confirm with . or Enter, or press ? or * to list all spells.
Aiming: Fireball (safe; 1% risk of failure)
Press: ? - help, Shift-Dir - straight line You feel a surge of power!
The fireball explodes!
The fireball engulfs the death yak.
The death yak is almost dead.
The death yak burns!
The death yak gores you!!
You die...

.# #................## ##...###.
.####.................# #........
.#.##................## #........
..###................# #....###.
.P# #................# ##..## #.
.####................## ##..# #.
..##..................# #...# #.
.####.......#........## ##..## #.
.# #.......##...@....# #...# #.
.# ##......#...Y.....#####..## #.
.###........#..........#....# #.
..###.......#...............# #.
..# #......##...............## #.
.## #.......#..####...###....# #.
..###......##...# #...# ##...###.
..##...........P# #..####....##..
..##...#P..##...###..###.#.......


You could see a death yak (burning).

Vanquished Creatures
  Gastronok (Lair:3)
  A hydra (Lair:1)
  3 two-headed ogres
  2 death yaks (Lair:3)
  The ghost of vishdafish the Chopper, a novice FoHu of the Shining One (D:8)
  Nergalle (Lair:3)
  An orc knight (D:10)
  Pikel (D:6)
  3 elephants (Lair:2)
  3 merfolk sirens (Lair:2)
  2 black mambas
  8 spiny frogs
  2 komodo dragons
  A merfolk (Lair:2)
  A troll (D:10)
  14 blink frogs
  3 hippogriffs
  2 wyverns
  Sigmund (D:3)
  Eustachio (D:4)
  10 yaks (Lair:1)
  The ghost of Arum the Ducker, an amateur CeGl (D:4)
  2 humans (D:9)
  A hungry ghost (D:10)
  10 water moccasins
  6 porcupines
  8 orc warriors
  3 ice beasts
  2 black bears
  2 phantoms
  A hornet zombie (D:7)
  A necrophage (D:8)
  4 ogres
  4 centaurs
  6 crocodiles
  9 bullfrogs
  Blork the orc (D:6)
  5 scorpions
  10 killer bees
  10 electric eels
  2 howler monkeys (D:8)
  5 jellies
  3 crimson imps
  2 bullfrog zombies
  A quasit (D:10)
  A centaur zombie (D:5)
  2 bullfrog skeletons (D:4)
  2 hounds
  10 orc priests
  6 orc wizards
  An iguana (D:7)
  Ijyb (D:5)
  2 hell rats (Lair:2)
  A worker ant (D:5)
  A hound zombie (D:8)
  A hound skeleton (D:8)
  A worker ant zombie (D:5)
  8 gnolls
  7 adders
  11 river rats
  2 shadow imps
  6 oozes
  An adder zombie (D:8)
  3 worms
  A dart slug (D:3)
  5 leopard geckos
  46 orcs
  A ball python (D:1)
  8 giant cockroaches
  8 goblins
  5 hobgoblins
  3 jackals (D:3)
  2 quokkas
  7 bats
  5 frilled lizards
  2 jackal zombies
  8 kobolds
  2 quokka skeletons (D:4)
  7 rats
  2 plants
340 creatures vanquished.

Vanquished Creatures (others)
  2 slaves
  A centaur (D:6)
  An ogre (D:6)
  A bullfrog (D:6)
  An electric eel (D:9)
  An iguana (D:6)
  A giant cockroach (D:6)
  9 fungi
  21 plants
38 creatures vanquished.

Grand Total: 378 creatures vanquished

Notes
Turn   | Place    | Note
-------+----------+-------------------------------------------
     0 | D:1      | nikopol the Deep Elf Fire Elementalist began the quest for the Orb.
     0 | D:1      | Reached XP level 1. HP: 10/10 MP: 6/6
    84 | D:1      | Reached XP level 2. HP: 15/15 MP: 4/8
   492 | D:1      | Reached XP level 3. HP: 19/19 MP: 5/10
   534 | D:1      | Learned a level 2 spell: Throw Flame
   538 | D:1      | Learned a level 3 spell: Conjure Flame
   871 | D:2      | Reached skill level 4 in Spellcasting
   909 | D:2      | Reached XP level 4. HP: 24/24 MP: 3/12
  1627 | D:3      | Noticed Sigmund
  1909 | D:3      | Killed Sigmund
  1909 | D:3      | Reached skill level 5 in Spellcasting
  1909 | D:3      | Reached skill level 5 in Fire Magic
  1909 | D:3      | Reached XP level 5. HP: 22/28 MP: 0/14
  2512 | D:3      | Found a sacrificial altar of Ru.
  2822 | D:4      | Reached XP level 6. HP: 32/32 MP: 13/15
  2862 | D:4      | Noticed Arum's ghost (amateur CeGl)
  3065 | D:4      | Noticed Eustachio
  3076 | D:4      | Learned a level 4 spell: Sticky Flame
  3082 | D:4      | Learned a level 5 spell: Fireball
  3107 | D:4      | Killed Eustachio
  3362 | D:4      | Found a sparkling altar of Nemelex Xobeh.
  3384 | D:4      | Reached skill level 6 in Spellcasting
  3564 | D:4      | Reached XP level 7. HP: 30/36 MP: 10/18
  3810 | D:4      | Killed Arum's ghost
  3953 | D:5      | Entered Level 5 of the Dungeon
  3983 | D:5      | You fall through a shaft!
  4103 | D:6      | Noticed Pikel
  4119 | D:6      | Killed Pikel
  4119 | D:6      | Reached skill level 7 in Spellcasting
  4119 | D:6      | Reached skill level 5 in Conjurations
  4119 | D:6      | Reached XP level 8. HP: 41/41 MP: 0/21
  4278 | D:6      | Noticed Blork the orc
  4287 | D:6      | Killed Blork the orc
  4287 | D:6      | Reached skill level 8 in Spellcasting
  4630 | D:5      | Found a staircase to the Ecumenical Temple.
  4650 | Temple   | Entered the Ecumenical Temple
  4800 | Temple   | Became a worshipper of Sif Muna the Loreminder
  4872 | D:5      | Noticed Ijyb
  4879 | D:5      | Killed Ijyb
  5735 | D:5      | Reached skill level 9 in Spellcasting
  6064 | D:6      | Noticed a two-headed ogre
  6233 | D:6      | Reached * piety under Sif Muna
  6518 | D:6      | Reached XP level 9. HP: 45/45 MP: 16/24
  6634 | D:6      | Killed a two-headed ogre
  6634 | D:6      | Reached skill level 10 in Spellcasting
  6814 | D:6      | Reached ** piety under Sif Muna
  7300 | D:7      | Reached skill level 11 in Spellcasting
  7333 | D:7      | HP: 2/45 [phantom (2)]
  7738 | D:7      | Reached skill level 1 in Evocations
  7820 | D:7      | Found a shimmering altar of Xom.
  8336 | D:8      | Reached XP level 10. HP: 51/51 MP: 4/27
  8364 | D:8      | Got a scorched rapier {holy}
  8365 | D:8      | Lost strength.
  8365 | D:8      | Identified the +1 rapier "Conservator" {holy, rC+ Str-5 Int+2 Dex+9} (You took it off an orc priest on level 8 of the Dungeon)
  8460 | D:8      | Found a shadowy altar of Dithmenos.
  8688 | D:8      | Noticed vishdafish's ghost (novice FoHu)
  8773 | D:8      | Killed vishdafish's ghost
  8773 | D:8      | Reached *** piety under Sif Muna
  9149 | D:8      | Noticed a two-headed ogre
  9168 | D:8      | Killed a two-headed ogre
  9168 | D:8      | Reached skill level 1 in Fighting
  9168 | D:8      | Reached skill level 12 in Spellcasting
  9528 | D:8      | Found Umeifar's Jewellery Boutique.
  9638 | D:8      | Found an ancient bone altar of Kikubaaqudgha.
  9953 | D:9      | Found a snail-covered altar of Cheibriados.
 10139 | D:9      | Found an iron altar of Okawaru.
 10281 | D:9      | Reached skill level 10 in Fire Magic
 10373 | D:9      | Reached skill level 5 in Stealth
 10485 | D:9      | Reached **** piety under Sif Muna
 10888 | D:8      | Bought the ring of Seferogh {Fire rN+ SInv} for 444 gold pieces
 10955 | D:10     | Entered Level 10 of the Dungeon
 11185 | D:10     | Reached skill level 13 in Spellcasting
 11366 | D:10     | Found a staircase to the Lair.
 11448 | D:10     | Reached skill level 10 in Conjurations
 11506 | D:10     | Found a roughly hewn altar of Beogh.
 11508 | D:10     | Reached XP level 11. HP: 56/56 MP: 19/30
 11509 | D:10     | Noticed an orc knight
 11647 | D:10     | Noticed a two-headed ogre
 11651 | D:10     | Killed a two-headed ogre
 11698 | D:10     | Killed an orc knight
 11802 | D:10     | Found a staircase to the Orcish Mines.
 12262 | D:11     | Noticed a red ugly thing
 12360 | Lair:1   | Entered Level 1 of the Lair of Beasts
 12399 | Lair:1   | Reached ***** piety under Sif Muna
 12402 | Lair:1   | Reached skill level 14 in Spellcasting
 12491 | Lair:1   | Identified Dann's Catalogue of Creative Execration (Sif Muna gifted it to you on level 1 of the Lair of Beasts)
 12491 | Lair:1   | Received a gift from Sif Muna
 12860 | Lair:1   | Noticed a seven-headed hydra
 12866 | Lair:1   | Killed a seven-headed hydra
 13281 | Lair:1   | Reached XP level 12. HP: 45/60 MP: 21/32
 13453 | Lair:1   | Reached skill level 15 in Spellcasting
 14998 | Lair:2   | Found a staircase to the Shoals.
 15003 | Lair:2   | Identified Sif Muna's Guide on Moulding (Sif Muna gifted it to you on level 2 of the Lair of Beasts)
 15003 | Lair:2   | Received a gift from Sif Muna
 16480 | Lair:3   | Noticed Gastronok
 16491 | Lair:3   | Killed Gastronok
 16491 | Lair:3   | Reached skill level 16 in Spellcasting
 16627 | Lair:3   | Noticed Nergalle
 16627 | Lair:3   | Noticed a death yak
 16627 | Lair:3   | Noticed a death yak
 16647 | Lair:3   | Noticed a death yak
 16661 | Lair:3   | Killed Nergalle
 16682 | Lair:3   | Killed a death yak
 16686 | Lair:3   | Noticed a death yak
 16686 | Lair:3   | Noticed a death yak
 17037 | Lair:3   | Killed a death yak
 17243 | Lair:2   | Slain by a death yak

Vault maps used:
D:1:      lemuel_arrival_funnel, minmay_unequal
D:2:      serial_bayou_pond_e, grunt_decor_fettered
D:3:      nicolae_ru_the_path_less_chosen, uniq_sigmund
D:4:      nicolae_overflow_hidden_temple, uniq_eustachio
D:5:      minmay_temple_entry_junction, first_ration, hex_large,
          kennysheep_generic_room_15, uniq_ijyb
D:6:      uniq_pikel, uniq_blork_the_orc
D:7:      kennysheep_mini_moat
D:8:      kiku_gazebo_pond_becter, grunt_dithmenos_smoke_and_mirrors,
          serial_shops, shop, hangedman_little_slice_of_home
D:9:      okawaru_humans, lemuel_doored_altar
D:10:     dpeg_oklobed_lair, david_orc_5, st_stairs_6
D:11:     minmay_curled_crystal, lightli_wizard_tower
Temple:   regret_index_temple_generic_petals
Lair:1:   beast_lair_carwin_11, serial_bayou_shore_a, infiniplex_staircase_pool
Lair:2:   elwin_shoals_entry_stream, kennysheep_rathole
Lair:3:   hangedman_lair_unloving_vines, uniq_nergalle, uniq_gastronok

Skill      XL: |  1  2  3  4  5  6  7  8  9 10 11 12 |
---------------+-------------------------------------+-----
Fire Magic     | 4 5 6 7 9 10 11 13 | 13.0
Spellcasting   | 4 5 6 7 9 11 13 14 16 | 16.4
Conjurations   | 2 3 5 6 7 10 11 12 | 12.7
Stealth        | 3 4 5 |  5.2
Dodging        | 3 4 |  4.6
Evocations     | 2 |  2.5
Fighting       | 1 |  1.1

Action                   |  1- 3 |  4- 6 |  7- 9 | 10-12 || total
-------------------------+-------+-------+-------+-------++-------
Melee: Long sword        |       |       |     2 |       ||     2
 Cast: Flame Tongue      |    60 |    98 |   160 |   431 ||   749
       Throw Flame       |       |     9 |     9 |    64 ||    82
       Conjure Flame     |       |     3 |    13 |    31 ||    47
       Sticky Flame      |       |     1 |    12 |    48 ||    61
       Fireball          |       |       |    17 |    74 ||    91
Evoke: Wand              |       |       |    19 |     4 ||    23
  Use: Scroll            |       |       |     2 |    15 ||    17
       Potion            |       |       |       |     1 ||     1
  Eat: Chunk             |       |     5 |    14 |    25 ||    44
       Ration            |       |     1 |     1 |     1 ||     3
Armor: Robe              |       |     2 |     4 |    31 ||    37
Dodge: Dodged            |    12 |    19 |    29 |   103 ||   163
       Rpst.: Long sword |       |       |     7 |       ||     7

Table legend:
 A = Spawn XP
 B = Non-spawn XP
 C = Spawn XP percentage of total XP
 D = Spawn monster count
 E = Non-spawn monster count
 F = Spawn count percentage of total count
 G = Total turns spent on level
                    A         B        C        D         E        F      G
               +---------+---------+-------+---------+---------+-------+---------
         Total |       0 |   37829 |   0.0 |       0 |     338 |   0.0 | 17243
               +---------+---------+-------+---------+---------+-------+---------
           D:1 |       0 |      43 |   0.0 |       0 |      24 |   0.0 |   706
           D:2 |       0 |      76 |   0.0 |       0 |      20 |   0.0 |   748
           D:3 |       0 |     259 |   0.0 |       0 |      20 |   0.0 |  1523
           D:4 |       0 |     580 |   0.0 |       0 |      17 |   0.0 |  1001
           D:5 |       0 |     504 |   0.0 |       0 |      12 |   0.0 |  1593
           D:6 |       0 |    2386 |   0.0 |       0 |      19 |   0.0 |  1526
           D:7 |       0 |    1424 |   0.0 |       0 |      29 |   0.0 |  1335
           D:8 |       0 |    3259 |   0.0 |       0 |      46 |   0.0 |  1456
           D:9 |       0 |    1034 |   0.0 |       0 |      11 |   0.0 |  1168
          D:10 |       0 |    4052 |   0.0 |       0 |      43 |   0.0 |  1444
          D:11 |       0 |      45 |   0.0 |       0 |       1 |   0.0 |    14
        Lair:1 |       0 |    9919 |   0.0 |       0 |      40 |   0.0 |  1883
        Lair:2 |       0 |    8226 |   0.0 |       0 |      43 |   0.0 |  1889
        Lair:3 |       0 |    6022 |   0.0 |       0 |      13 |   0.0 |   765
               +---------+---------+-------+---------+---------+-------+---------
